 Dungeon Crawl Stone Soup version 0.28-b1-25-g9875b3fc8c (webtiles) character file.

Game seed: 985470651247041352

102 mopl the Sneak (level 4, -2/46 HPs)
             Began as an Octopode Delver on Feb 7, 2022.
             Was a Follower of Nemelex Xobeh.
             Slain by an adder (3 damage)
             ... on level 1 of the Dungeon.
             The game lasted 00:02:27 (1352 turns).

mopl the Sneak (Octopode Delver)                    Turns: 1352, Time: 00:02:27

Health: -2/46      AC: 22    Str: 17    XL:     4   Next: 77%
Magic:  4/4        EV:  2    Int: 12    God:    Nemelex Xobeh [*.....]
Gold:   98         SH:  0    Dex: 15    Spells: 3/3 levels left

rFire   . . .      SeeInvis .   a - +0 falchion
rCold   . . .      Faith    .   (no shield)
rNeg    . . .      Spirit   .   (helmet currently unavailable)
rPois   +          Reflect  .   (no amulet)
rElec   .          Harm     .   i - +6 ring of strength
rCorr   .          Rampage  .   (no ring)
Will    .....      NoTele   +   (no ring)
Stlth   ++++......              (no ring)
HPRegen 0.15/turn               (no ring)
MPRegen 0.09/turn               (no ring)
                                (no ring)
                                (no ring)

@: lethally poisoned (-2 -> -3), tree-form
A: stationary, stasis, torment immunity, boosted hp, almost no armour,
(amphibious), 8 rings, (camouflage 1), (gelatinous body 1), (nimble swimmer 1),
(tentacles)
a: Renounce Religion, Draw Escape, Draw Destruction, Draw Summoning


You were on level 1 of the Dungeon.
You worshipped Nemelex Xobeh.
Nemelex Xobeh was aware of your devotion.
You were a tree.
You visited 2 branches of the dungeon, and saw 6 of its levels.

You collected 98 gold pieces.

Inventory:

Hand Weapons
 a - a +0 falchion (weapon)
Missiles
 h - 3 atropa-tipped darts (quivered)
 k - 4 poisoned darts
Jewellery
 i - a +6 ring of strength (left branch)
Wands
 f - a wand of digging (10)
 j - a wand of charming (8)
Scrolls
 b - a scroll of fog
 c - 2 scrolls of magic mapping
 d - 2 scrolls of fear
 g - a scroll of brand weapon {unknown}
 l - a scroll of immolation {unknown}
 n - a scroll of amnesia {unknown}
 q - a scroll of blinking {unknown}
 r - a scroll of noise {unknown}
Potions
 e - a potion of haste
 m - a potion of mutation {unknown}
 o - a potion of lignification {!q}
 p - 2 potions of curing {unknown}
 s - a potion of cancellation {unknown}


   Skills:
 + Level 3.5 Fighting
 * Level 3.1 Long Blades
 + Level 2.7 Dodging
 + Level 7.1 Stealth
 + Level 0.7 Invocations
 + Level 0.8 Evocations


You had 3 spell levels left.
You didn't know any spells.
Your spell library was empty.

Dungeon Overview and Level Annotations

Branches:
Dungeon (5/15)             Temple (1/1) D:4

Altars:
Ashenzari
Fedhas
Hepliaklqana
Kikubaaqudgha
Makhleb
Nemelex Xobeh
Okawaru
Uskayaw
Xom
Zin


Innate Abilities, Weirdness & Mutations

You are a tree.
Your roots penetrate the ground, keeping you stationary.
You cannot be teleported.
You are immune to unholy pain and torment.
Your maximum health is greatly increased.
You cannot wear most types of armour.
((You are amphibious.))
You can wear up to eight rings at the same time.
((Your skin changes colour to match your surroundings (Stealth+).))
((Your rubbery body absorbs attacks. (AC +1, EV +1)))
((You are camouflaged when in or above water. (Stealth+)))
((You have tentacles for arms and can constrict up to eight enemies at once.))


Message History

You are poisoned.
The adder poisons you!
You miss the adder. Your grab misses the adder. Your squeeze misses the adder.
You feel sick. The adder bites you. The adder misses you.
You feel sick.
You feel sick.
You feel sick. The adder barely misses you.
You feel sick.
You feel sick.
There is a stone staircase leading up here.
You closely miss the adder. Your grab misses the adder.
You feel sick.
You are no longer poisoned.
The adder bites you. The adder barely misses you.
You miss the adder. You grab the adder. You constrict the adder.
The adder bites you.
You release your grip on the adder.
The adder bites you.
You climb upwards.
There is a stone staircase leading down here.
You miss the adder. Your grab misses the adder.
The adder is lightly wounded.
The adder bites you. x2
You are poisoned.
The adder poisons you!
You barely miss the adder. Your grab misses the adder.
The adder is lightly wounded.
You feel sick. The adder closely misses you.
You closely miss the adder. Your grab misses the adder.
The adder is lightly wounded.
You feel sick. The adder closely misses you. x2
You miss the adder. Your grab misses the adder.
The adder is lightly wounded.
You feel sick. The adder bites you.
* * * LOW HITPOINT WARNING * * *
Unknown command.
It was a potion of lignification.
You turn into a tree.
Your roots penetrate the ground.
* * * LOW HITPOINT WARNING * * *
You feel sick. The adder bites you but does no damage. The adder bites you.
You die...
Your body disappears without a glow.

..............†.....#.#
.###.#########......#.######
.# #.# #.............# ##
#.# ###........^....# # #.#
####...............# ## #.#
#....###.(.........# .# #.#
#.#### #[..........#
.###.####.# ##S..........#
.#........#####.♣###########
...#.............#
##....†..........#
#...###.#####..###
##....##..........#
......###.......#.# .##...#
#.......#.#
......###.##....#.#
####....#.##....###


You could see an adder.

Vanquished Creatures
  A bullfrog skeleton (D:4)
  3 adders (D:2)
  2 worms
  A dart slug (D:2)
  6 orcs (D:5)
  5 ball pythons
  An endoplasm (D:1)
  2 giant cockroaches
  2 hobgoblins
  A quokka (D:1)
  2 bats
  4 frilled lizards
  5 kobolds
  2 rats
37 creatures vanquished.

Notes
Turn   | Place    | Note
-------+----------+-------------------------------------------
     0 | D:5      | mopl the Octopode Delver began the quest for the Orb.
     0 | D:5      | Reached XP level 1. HP: 16/16 MP: 1/1
    45 | D:5      | Reached XP level 2. HP: 13/21 MP: 2/2
   508 | D:4      | Found a staircase to the Ecumenical Temple.
   517 | D:4      | Reached XP level 3. HP: 26/26 MP: 3/3
   522 | Temple   | Entered the Ecumenical Temple
   653 | Temple   | Became a worshipper of Nemelex Xobeh the Trickster
   832 | D:2      | Reached skill level 7 in Stealth
   832 | D:2      | Reached XP level 4. HP: 31/31 MP: 4/4
   845 | D:2      | Reached skill level 3 in Long Blades
  1336 | D:2      | Reached * piety under Nemelex Xobeh
  1351 | D:1      | HP: 1/31 [adder (4)]
  1352 | D:1      | Slain by an adder

Illustrated notes

Levels and vault maps discovered:
D:1:      amcnicky_arrival_double_pillar, layout_rooms
D:2:      layout_basic, ebering_ecumenical_altar_rust, st_stairs_14,
          nicolae_concentric_dashed_squares_mild, minmay_small_reverse_x
D:3:      layout_rooms, uniq_natasha, uniq_grinder
D:4:      layout_cave_pools, minmay_temple_entry_ruins
D:5:      nicolae_cairo_tiling_large_dashed, layout_loops_cross,
          sigmund_edmund_badplayer
Temple:   compressed_dpeg_circular_temple

Skill      XL: |  1  2  3  4 |
---------------+-------------+-----
Stealth        | 7 |  7.1
Long Blades    | 3 |  3.1
Fighting       | |  3.5
Dodging        | |  2.7
Invocations    | |  0.7
Evocations     | |  0.8

Action                   |  1- 3 |  4- 6 || total
-------------------------+-------+-------++-------
Melee: Falchion          |    29 |    40 ||    69
       Constrict         |    10 |    13 ||    23
       Tentacles         |     5 |     4 ||     9
  Use: Potion            |       |     1 ||     1
 Stab: Sleeping          |     3 |    12 ||    15
Armor: Skin              |       |     2 ||     2
Dodge: Dodged            |    20 |    19 ||    39
